 Dungeon Crawl Stone Soup version 0.19-a0-713-g934ebc7 (webtiles) character file.

127498 Exeterus the Severer (level 16, -3/144 HPs)
             Began as a Minotaur Fighter on June 19, 2016.
             Was the Champion of Okawaru.
             Killed from afar by a greater naga (22 damage)
             ... with a bolt of poison
             ... on level 3 of the Snake Pit on June 20, 2016.
             The game lasted 01:50:41 (35980 turns).

Exeterus the Severer (Minotaur Fighter)            Turns: 35980, Time: 01:50:42

Health: -3/144     AC: 32    Str: 26    XL:     16   Next: 46%
Magic:  27/27      EV: 12    Int:  7    God:    Okawaru [******]
Gold:   1393       SH: 16    Dex: 16    Spells: 2 memorised, 26 levels left

rFire  + . .     SeeInvis .     N - +2 broad axe (elec)
rCold  . . .     Gourm    .     s - +6 plate armour "Xuola" {MR+ rCorr}
rNeg   . . .     Faith    .     c - +0 shield
rPois  .         Spirit   .     q - +0 hat {MR+}
rElec  .         Dismiss  .     d - +2 cloak {+Inv}
rCorr  +         Reflect  +     V - +2 pair of gloves
SustAt .         Harm     .     G - +2 pair of boots
MR     +++..                    y - +2 amulet of reflection
Stlth  ..........               u - +4 ring of dexterity
                                F - +3 ring of slaying

@: lethally poisoned (-3 -> -58), constricted, extremely resistant to hostile
enchantments, extremely unstealthy
A: retaliatory headbutt, horns 2, clever 1, fire resistance 1
a: Heroism, Finesse, Renounce Religion, Evoke Invisibility


You were on level 3 of the Snake Pit.
You worshipped Okawaru.
Okawaru was exalted by your worship.
You were not hungry.

You visited 5 branches of the dungeon, and saw 27 of its levels.
You also visited: Labyrinth, Sewer, Ossuary and Volcano.

You collected 2524 gold pieces.
You spent 1131 gold pieces at shops.

Inventory:

Hand Weapons
 L - the +8 flail of Hacking and Slashing {holy, Str+6 Dex+4 SInv}
   (You found it on level 6 of the Lair of Beasts)

   It has been blessed by the Shining One to cause great damage to the undead
   and demons.
   It affects your strength (+6).
   It affects your dexterity (+4).
   It lets you see invisible.
 N - a +2 broad axe of electrocution (weapon)
Armour
 c - a +0 shield (worn)
 d - a +2 cloak of invisibility (worn)
 q - a +0 hat of magic resistance (worn)
 s - the +6 plate armour "Xuola" (worn) {MR+ rCorr}
   (You bought it in a shop on level 2 of the Orcish Mines)

   It affects your resistance to hostile enchantments.
   It protects you from acid and corrosion.
 G - a +2 pair of boots (worn)
 H - a +2 plate armour of poison resistance
 V - a +2 pair of gloves (worn)
Jewellery
 u - a +4 ring of dexterity (right hand)
 y - a +2 amulet of reflection (around neck)
 F - a +3 ring of slaying (left hand)
Wands
 v - a wand of iceblast (2/15)
 z - a wand of teleportation (3/9)
 E - a wand of digging (3/24)
 U - a wand of digging (12/24)
 W - a wand of heal wounds (4/9)
 X - a wand of polymorph (12/24)
Scrolls
 a - 4 scrolls of identify
 e - 9 scrolls of teleportation
 g - 3 scrolls of remove curse
 h - 4 scrolls of recharging
 i - a scroll of silence
 m - 5 scrolls of fear
 D - a scroll of fog
 I - 5 scrolls of magic mapping
 K - 2 scrolls of summoning
Potions
 b - 4 potions of resistance
 f - 2 potions of invisibility
 k - 2 potions of haste
 n - 7 potions of curing
 o - 3 potions of magic
 p - 3 potions of cancellation
 t - 10 potions of flight
Miscellaneous
 w - a lamp of fire
 x - 3 phantom mirrors
 C - a sack of spiders
 J - a lamp of fire
 M - 2 boxes of beasts
 Y - a phial of floods
Comestibles
 j - 13 meat rations
 A - a beef jerky
 B - 14 bread rations
 R - 23 fruits
 T - 10 slices of pizza


   Skills:
 + Level 13.2 Fighting
 * Level 17.4 Axes
 + Level 13.3 Armour
 + Level 12.0 Dodging
 + Level 13.2 Shields
 + Level 8.0 Spellcasting
 - Level 6.4 Invocations
 - Level 6.1 Evocations


You had 26 spell levels left.
You knew the following spells:

 Your Spells              Type           Power        Failure   Level  Hunger
a - Regeneration          Chrm/Necr      #.........   100%        3    ###....
b - Shroud of Golubria    Chrm/Tloc      #.........   100%        2    ##.....


Dungeon Overview and Level Annotations

Branches:
Dungeon (15/15)            Temple (1/1) D:7            Lair (6/6) D:11
  Swamp (0/4) Lair:4        Snake (3/4) Lair:2        Slime (0/5) Lair:5
    Orc (2/2) D:9             Elf (0/3) Orc:2        Vaults (0/5) D:13
 Depths (0/5) D:15

Altars:
Ashenzari
Cheibriados
Dithmenos
Elyvilon
Fedhas
Gozag
Hepliaklqana
Kikubaaqudgha
Makhleb
Nemelex Xobeh
Okawaru
Pakellas
Qazlal
Ru
Sif Muna
Trog
Uskayaw
Vehumet
Xom
Yredelemnul
Zin
The Shining One
Beogh

Shops:
D:4 }   D:7 (}   D:15 !   Orc:2 %!%[   Snake:1 *


Innate Abilities, Weirdness & Mutations

You reflexively headbutt those who attack you in melee.
You have a pair of horns on your head.
Your mind is acute. (Int +2)
Your flesh is heat resistant. (rF+)


Message History

You reflect the arrow off an invisible shield around you!
The naga sharpshooter casts a spell.
The naga sharpshooter magically shoots an arrow.
The arrow hits you.
You slash the greater naga!
The greater naga is almost dead.
You slash the shock serpent!
The shock serpent is almost dead.
The shock serpent's electric aura discharges, shocking you!
You feel sick.
The greater naga gestures at you while chanting.
The poison arrow hits you!
You are more poisoned.
* * * LOW HITPOINT WARNING * * *
The greater naga constricts you.
The shock serpent bites you but does no damage.
The greater naga points at you and mumbles some strange words.
The bolt of poison hits you!
You are more poisoned.
You die...

# .# #.#
...#
####..#
#..†..##(.
##.@S...N..
#.(.N......
#<........#
#.......#..
..#.....# #
..##.....#
N.. ....###
(..N ..###
..... .#


You could see a greater naga, 2 naga sharpshooters, a shock serpent and a naga.

Vanquished Creatures
  Gastronok (Lair:1)
  Agnes (D:15)
  Kirke (D:13)
  The ghost of nago the Black Belt, an adept DsGl of Nemelex Xobeh (Snake:1)
  Maud (Lair:4)
  A dire elephant (D:15)
  The ghost of Kenran the Arsonist, a journeyman DrFE of Vehumet (Lair:3)
  A minotaur (Lab)
  A yaktaur captain (D:15)
  Erolcha (D:13)
  4 ogre magi (Orc:2)
  3 naga warriors (Snake:2)
  A catoblepas (Lair:6)
  A death knight (D:13)
  3 anacondas (Snake:2)
  8 hydras
  The ghost of Laan the Severer, a journeyman FoFi of the Shining One (Lair:1)
  4 centaur warriors
  A tengu warrior (D:15)
  Urug (Lair:2)
  8 death yaks
  A deep troll shaman (Lair:6)
  An orc high priest (Orc:2)
  6 naga sharpshooters
  3 shock serpents
  3 skeletal warriors
  Nergalle (Lair:2)
  A salamander mystic (Volcano)
  A deep troll (D:13)
  An unseen horror (D:10)
  2 naga ritualists
  3 hill giants
  An orc knight (Orc:2)
  A phantasmal warrior (D:13)
  A mana viper (Snake:2)
  9 ugly things
  A harpy (shapeshifter) (D:14)
  A lindwurm (Lair:3)
  2 orc sorcerers (Orc:2)
  A deep elf mage (D:14)
  A manticore (D:8)
  A hornet (D:13)
  2 griffons
  3 cyclopes
  9 salamanders
  16 black mambas
  Maurice (D:9)
  7 naga magi
  20 elephants
  2 gargoyles
  3 guardian serpents (Snake:2)
  8 spiny frogs
  3 torpor snails
  4 freezing wraiths
  3 rime drakes
  2 yaktaurs (D:15)
  8 komodo dragons
  2 tengu conjurers
  4 trolls
  2 polar bears
  A giant leech (Lair:4)
  16 two-headed ogres
  14 blink frogs
  16 slime creatures
  The ghost of runewalsh the Insei, an amateur OpTm (D:4)
  Sigmund (D:5)
  2 shadows
  3 wraiths
  A vampire (D:11)
  2 fire bats (Volcano)
  2 wyverns
  Grum (D:10)
  11 hippogriffs
  A basilisk (D:15)
  The ghost of Mulkerokala the Covert, an amateur NaWn (Sewer)
  36 yaks
  3 hogs (D:13)
  A human (D:8)
  A hungry ghost (D:11)
  18 nagas
  Menkaure (D:6)
  6 vampire mosquitoes
  Edmund (D:5)
  A warg (Orc:2)
  19 water moccasins
  4 porcupines
  17 orc warriors
  4 sky beasts
  A meliai simulacrum (D:11)
  A black bear (D:8)
  2 eyes of draining
  5 ice beasts
  37 ogres
  2 phantoms
  2 necrophages
  18 wolves
  11 centaurs
  14 crocodiles
  2 big kobolds
  19 giant frogs
  3 water moccasin zombies (Ossuary)
  4 killer bees
  4 scorpions
  18 wights
  3 howler monkeys
  2 electric eels (D:11)
  6 crimson imps
  4 lava snakes (Volcano)
  3 centaur zombies
  3 jellies
  9 orc priests
  6 hounds
  3 centaur skeletons
  4 giant frog skeletons
  13 iguanas
  A hell rat (D:5)
  13 worker ants
  Terence (D:3)
  20 orc wizards
  A killer bee zombie (D:8)
  2 centaur simulacra
  29 sheep
  6 big kobold zombies (Ossuary)
  2 giant frog simulacra (D:11)
  2 hound skeletons
  2 mummies (Ossuary)
  A worker ant zombie (D:10)
  4 gnolls (D:3)
  19 adders
  43 river rats
  4 shadow imps
  2 white imps (D:11)
  2 ufetubi (D:11)
  11 oozes
  6 adder zombies (Ossuary)
  5 adder skeletons
  5 worms
  A dart slug (D:1)
  14 giant geckos
  64 orcs
  25 bats
  10 giant cockroaches
  17 goblins
  4 hobgoblins
  20 jackals
  20 kobolds
  3 quokkas
  4 ball pythons
  6 giant newts
  8 hobgoblin zombies (Ossuary)
  A jackal zombie (D:5)
  5 kobold zombies (Ossuary)
  4 orc zombies (Ossuary)
  A quokka skeleton (D:7)
  41 rats
  6 fungi
  8 plants
1013 creatures vanquished.

Vanquished Creatures (others)
  Nessos (D:13)
  A naga sharpshooter (Snake:1)
  A cyclops (D:15)
  A hog (D:13)
  A centaur (D:13)
  A crocodile (Lair:5)
  An orc (D:9)
  A quokka (D:9)
  12 fungi
  3 plants
23 creatures vanquished.

Grand Total: 1036 creatures vanquished

Notes
Turn   | Place    | Note
--------------------------------------------------------------
     0 | D:1      | Exeterus the Minotaur Fighter began the quest for the Orb.
     0 | D:1      | Reached XP level 1. HP: 19/19 MP: 0/0
   234 | D:1      | Reached XP level 2. HP: 26/27 MP: 1/1
   637 | D:1      | Reached skill level 1 in Dodging
   843 | D:1      | Reached XP level 3. HP: 33/33 MP: 2/2
  1252 | D:2      | Reached skill level 3 in Axes
  1402 | D:2      | Reached XP level 4. HP: 36/40 MP: 3/3
  1746 | D:3      | Noticed Terence
  1753 | D:3      | Killed Terence
  1753 | D:3      | Reached skill level 1 in Spellcasting
  1787 | D:3      | Found a glowing drain.
  1826 | Sewer    | Entered a sewer
  1832 | Sewer    | Reached XP level 5. HP: 33/46 MP: 5/5
  2107 | Sewer    | Reached skill level 4 in Axes
  2302 | Sewer    | Noticed Mulkerokala's ghost (amateur NaWn)
  2319 | Sewer    | Killed Mulkerokala's ghost
  2319 | Sewer    | Reached XP level 6. HP: 52/52 MP: 5/7
  2679 | D:3      | Reached skill level 5 in Armour
  2935 | D:3      | Found an oddly glowing altar of Pakellas.
  2936 | D:3      | Found a glowing silver altar of Zin.
  2938 | D:3      | Found a sparkling altar of Nemelex Xobeh.
  2943 | D:3      | Found a hazy altar of Hepliaklqana.
  3255 | D:3      | Reached skill level 5 in Axes
  3255 | D:3      | Reached XP level 7. HP: 39/60 MP: 8/8
  3640 | D:4      | Reached skill level 5 in Shields
  3880 | D:4      | Found a sand-covered staircase.
  3899 | Ossuary  | Entered an ossuary
  4440 | Ossuary  | Reached skill level 6 in Axes
  4450 | Ossuary  | Reached skill level 5 in Fighting
  4869 | D:4      | Reached XP level 8. HP: 56/68 MP: 10/10
  4953 | D:4      | Found a stormy altar of Qazlal.
  5097 | D:4      | Found Viycait's Gadget Shoppe.
  5134 | D:4      | Noticed runewalsh's ghost (amateur OpTm)
  5144 | D:4      | Killed runewalsh's ghost
  5183 | D:4      | Reached skill level 7 in Axes
  5837 | D:5      | Entered Level 5 of the Dungeon
  5893 | D:5      | Noticed Sigmund
  5910 | D:5      | Killed Sigmund
  5964 | D:5      | Found a basalt altar of Yredelemnul.
  5973 | D:5      | Found a bloodstained altar of Trog.
  5985 | D:5      | Found a white marble altar of Elyvilon.
  6086 | D:5      | Found a sacrificial altar of Ru.
  6823 | D:5      | Noticed Edmund
  6836 | D:5      | Killed Edmund
  6836 | D:5      | Reached skill level 8 in Axes
  6836 | D:5      | Reached XP level 9. HP: 52/75 MP: 12/12
  7517 | D:6      | Noticed Menkaure
  7522 | D:6      | Killed Menkaure
  7645 | D:6      | Found an opulent altar of Gozag.
  7999 | D:6      | Reached skill level 5 in Dodging
  8047 | D:6      | Reached skill level 9 in Axes
  8166 | D:7      | Found a shattered altar of Ashenzari.
  8245 | D:7      | Found a blossoming altar of Fedhas.
  8362 | D:7      | Found Noteg's Gadget Emporium.
  8672 | D:7      | Found a staircase to the Ecumenical Temple.
  8688 | Temple   | Entered the Ecumenical Temple
  8897 | D:7      | Found Sumpol's Antique Weapon Shop.
  8900 | D:7      | Bought a broad axe for 116 gold pieces
  9015 | D:8      | Found an ancient bone altar of Kikubaaqudgha.
  9027 | D:8      | Found an iron altar of Okawaru.
  9039 | D:8      | Became a worshipper of Warmaster Okawaru
  9053 | D:8      | Found a deep blue altar of Sif Muna.
  9122 | D:8      | Reached XP level 10. HP: 86/86 MP: 14/14
  9139 | D:8      | Found a radiant altar of Vehumet.
  9156 | D:8      | Got a fine scale mail
  9167 | D:8      | Identified the cursed +0 scale mail of Simec Gae {+Inv rPois rC+ MR+} (You found it on level 8 of the Dungeon)
  9377 | D:8      | Reached skill level 1 in Invocations
  9516 | D:8      | Reached * piety under Okawaru
  9628 | D:8      | Reached skill level 1 in Evocations
  9714 | D:8      | Noticed a manticore
  9728 | D:8      | Killed a manticore
  9728 | D:8      | Reached skill level 10 in Axes
 10125 | D:8      | Found an opulent altar of Gozag.
 10228 | D:9      | Found a white marble altar of Elyvilon.
 10231 | D:9      | Noticed Maurice
 10251 | D:9      | Killed Maurice
 10537 | D:9      | Reached ** piety under Okawaru
 10628 | D:9      | Found an iron altar of Okawaru.
 10726 | D:9      | Found a staircase to the Orcish Mines.
 10737 | D:9      | Found a roughly hewn altar of Beogh.
 11152 | D:10     | Entered Level 10 of the Dungeon
 11227 | D:10     | Noticed a hill giant
 11234 | D:10     | Killed a hill giant
 11234 | D:10     | Reached *** piety under Okawaru
 11474 | D:10     | Noticed Grum
 11482 | D:10     | Reached XP level 11. HP: 74/94 MP: 16/16
 11488 | D:10     | Killed Grum
 11515 | D:10     | Got a faintly glowing spear
 11629 | D:10     | Killed an unseen horror
 11629 | D:10     | Reached **** piety under Okawaru
 11629 | D:10     | Reached skill level 11 in Axes
 12385 | D:11     | Found a staircase to the Lair.
 12391 | D:11     | Identified the cursed +1 spear of Cowardice {elec, +Fly rElec Int+7 Dex+4} (You found it on level 10 of the Dungeon)
 12400 | D:11     | Got a crude long sword
 12418 | D:11     | Learned a level 3 spell: Regeneration
 12421 | D:11     | Learned a level 2 spell: Shroud of Golubria
 12553 | D:11     | Identified the +6 long sword "Wuunitau" {flame, MP+9} (You found it on level 11 of the Dungeon)
 12566 | D:11     | Noticed a seven-headed hydra
 12567 | D:11     | Noticed a hill giant
 12581 | D:11     | Killed a three-headed hydra
 12592 | D:11     | Killed a hill giant
 13001 | D:11     | Reached ***** piety under Okawaru
 13138 | D:11     | Noticed a centaur warrior
 13142 | D:11     | Killed a centaur warrior
 13274 | D:11     | Received a gift from Okawaru
 13279 | D:11     | Got a pair of slimy boots {god gift}
 13290 | D:11     | Identified the +1 pair of boots of the Hidden Vale {MR+ Int-4 Dex+6} (Okawaru gifted it to you on level 11 of the Dungeon)
 13478 | Lair:1   | Entered Level 1 of the Lair of Beasts
 13739 | Lair:1   | Reached XP level 12. HP: 83/104 MP: 18/18
 13747 | Lair:1   | Reached skill level 12 in Axes
 14267 | Lair:1   | Noticed Gastronok
 14282 | Lair:1   | Killed Gastronok
 14282 | Lair:1   | Reached skill level 5 in Spellcasting
 14393 | Lair:1   | Noticed Laan's ghost (journeyman FoFi)
 14409 | Lair:1   | Killed Laan's ghost
 14917 | Lair:2   | Found a staircase to the Snake Pit.
 15149 | Lair:2   | Reached skill level 10 in Armour
 15196 | Lair:2   | Noticed a death yak
 15197 | Lair:2   | Noticed Urug
 15197 | Lair:2   | Noticed a death yak
 15203 | Lair:2   | Killed a death yak
 15203 | Lair:2   | Reached skill level 5 in Invocations
 15215 | Lair:2   | Killed Urug
 15223 | Lair:2   | Killed a death yak
 15533 | Lair:2   | Reached skill level 10 in Shields
 15557 | Lair:2   | Got a brightly glowing longbow
 15998 | Lair:2   | Noticed Nergalle
 16005 | Lair:2   | Killed Nergalle
 16005 | Lair:2   | Received a gift from Okawaru
 16005 | Lair:2   | Reached skill level 13 in Axes
 16008 | Lair:2   | Got a bloodstained buckler {god gift}
 16020 | Lair:2   | Identified the +0 buckler "Raichiss" {+Fly rPois MR- Int+10} (Okawaru gifted it to you on level 2 of the Lair of Beasts)
 16200 | Lair:3   | Reached skill level 10 in Fighting
 16201 | Lair:3   | Reached skill level 5 in Evocations
 16350 | Lair:3   | Found a dark tunnel.
 16361 | Volcano  | Entered a volcano
 16511 | Volcano  | Reached XP level 13. HP: 97/113 MP: 20/20
 16532 | Volcano  | Found a burning altar of Makhleb.
 17262 | Lair:3   | Noticed Kenran's ghost (journeyman DrFE)
 17284 | Lair:3   | Killed Kenran's ghost
 18341 | Lair:4   | Found a staircase to the Swamp.
 19235 | Lair:4   | Noticed Maud
 19246 | Lair:4   | Killed Maud
 19848 | Lair:5   | Received a gift from Okawaru
 19858 | Lair:5   | Got a spiked hat {god gift}
 19878 | Lair:5   | Identified the +1 hat "Rampe" {rElec rF- rN+} (Okawaru gifted it to you on level 5 of the Lair of Beasts)
 20021 | Lair:5   | Found a staircase to the Slime Pits.
 20754 | Lair:5   | Reached skill level 14 in Axes
 21023 | Lair:6   | Entered Level 6 of the Lair of Beasts
 21077 | Lair:6   | Reached XP level 14. HP: 122/122 MP: 19/22
 22088 | Lair:6   | Received a gift from Okawaru
 22237 | Lair:6   | Reached skill level 10 in Dodging
 22416 | Lair:6   | Got a crystal flail
 22417 | Lair:6   | Identified the +8 flail of Hacking and Slashing {holy, Str+6 Dex+4 SInv} (You found it on level 6 of the Lair of Beasts)
 22429 | Lair:6   | Got a steaming scale mail
 22440 | Lair:6   | Identified the +1 scale mail of Freedom {rPois MR+ Str-5} (You found it on level 6 of the Lair of Beasts)
 22825 | D:12     | Got a pitted dire flail
 22826 | D:12     | Identified the +9 dire flail of Niluj {crush, rPois Str+3} (You found it on level 12 of the Dungeon)
 23052 | D:12     | Gained mutation: Your flesh is heat resistant. (rF+) [potion of beneficial mutation]
 23743 | D:13     | Reached ****** piety under Okawaru
 24065 | D:13     | Noticed Kirke
 24073 | D:13     | Reached skill level 15 in Axes
 24125 | D:13     | Noticed a sphinx
 24146 | D:13     | Killed Kirke
 24355 | D:13     | Found a gate to the Vaults.
 24423 | D:13     | Received a gift from Okawaru
 24466 | D:13     | Noticed Nessos
 24475 | D:13     | Killed Nessos
 25140 | D:13     | Noticed Erolcha
 25155 | D:13     | Killed Erolcha
 26128 | D:14     | Reached XP level 15. HP: 132/132 MP: 24/24
 26826 | D:15     | Entered Level 15 of the Dungeon
 27112 | D:15     | Found Samom's Distillery.
 27174 | D:15     | Noticed Agnes
 27198 | D:15     | Killed Agnes
 27790 | D:15     | Reached skill level 16 in Axes
 27936 | D:15     | Received a gift from Okawaru
 28313 | D:15     | Found a staircase to the Depths.
 29231 | Orc:1    | Entered Level 1 of the Orcish Mines
 29264 | Orc:2    | Entered Level 2 of the Orcish Mines
 29275 | Orc:2    | Found a staircase to the Elven Halls.
 29329 | Orc:2    | Found a labyrinth entrance.
 29371 | Lab      | Entered a labyrinth
 30425 | Lab      | Got a brightly glowing long sword {freeze}
 30426 | Lab      | Identified the +4 long sword of Calamity {freeze, +Inv rF+} (You took it off a minotaur in a labyrinth)
 30834 | Orc:2    | Found Vuarchido's Food Emporium.
 30834 | Orc:2    | Found Xiymy's Food Shop.
 30902 | Orc:2    | Found Viyp's Distillery.
 30902 | Orc:2    | Found Retzeunoawn's Antique Armour Shoppe.
 30963 | Orc:2    | Bought a shimmering plate armour for 840 gold pieces
 30973 | Orc:2    | Identified the +6 plate armour "Xuola" {MR+ rCorr} (You bought it in a shop on level 2 of the Orcish Mines)
 30973 | Orc:2    | Bought a glowing cloak for 135 gold pieces
 31328 | Orc:1    | Found a roughly hewn altar of Beogh.
 32071 | Orc:2    | Upgraded the game from 0.19-a0-700-gd2fa977 to 0.19-a0-713-g934ebc7
 32208 | Snake:1  | Entered Level 1 of the Snake Pit
 32541 | Snake:1  | Got a shimmering long sword
 32542 | Snake:1  | Identified the +5 long sword "Womnaaj" {freeze, rPois rN+ Int+4} (You found it on level 1 of the Snake Pit)
 32806 | Snake:1  | Received a gift from Okawaru
 32857 | Snake:1  | Reached XP level 16. HP: 99/141 MP: 26/26
 33047 | Snake:1  | Found Jaegh's Assorted Antiques.
 33055 | Snake:1  | Bought a scroll labeled ECEGIO FAAME for 40 gold pieces
 33823 | Snake:1  | Noticed nago's ghost (adept DsGl)
 33855 | Snake:1  | Killed nago's ghost
 33855 | Snake:1  | Reached skill level 17 in Axes
 34931 | Snake:2  | Received a gift from Okawaru
 35579 | Snake:2  | Gained mutation: Your mind is acute. (Int +2) [potion of beneficial mutation]
 35980 | Snake:3  | Killed from afar by a greater naga

Vault maps used:
D:1:      shiori_arrival_maze, minmay_ruptured
D:3:      minitemple, portal_sewer_entry_f, minmay_ogre_servants, uniq_terence
D:4:      marbit_many_paths, serial_shops, shop, enter_ossuary_1
D:5:      lemuel_ratsnest, overflow_temple_1_default, hangedman_ru_absence,
          lemuel_crystal_altar, basic_altar, first_bread,
          kennysheep_opposing_triangles, uniq_sigmund, uniq_edmund
D:6:      grunt_gozag_statues, corexii_shack, uniq_menkaure
D:7:      old_standard_altar, minmay_temple_entry_hall, serial_shops,
          kennysheep_mini, shop, basic_altar
D:8:      vehumet_altar_wand_db, kennysheep_mini_moat,
          grunt_temple_overflow_open, basic_altar, grunt_livestock, hex_large
D:9:      elyvilon_altar_4, minmay_orc_entry_temple_large,
          okawaru_metal_pillars_1_2, uniq_maurice
D:10:     uniq_grum
D:11:     grunt_lair_entry_orc_guard_hut, serial_ice, serial_ice_j,
          serial_ice_a, serial_ice_o, serial_ice_g, serial_ice_m
D:13:     david_vaults_4, uniq_erolcha, uniq_kirke, uniq_nessos
D:14:     serial_glass, glass_columns_c, glass_columns_b, glass_columns_a,
          glass_columns_a, glass_columns_b, glass_columns_a, glass_columns_a,
          glass_columns_b, glass_columns_a, glass_columns_a
D:15:     hangedman_depths_entry_try_elsewhere_first, serial_shops,
          shop_fountains, dk_noncrumbling_4, uniq_agnes
Temple:   nicolae_temple_great_sept
Lair:1:   beast_lair_carwin_6, uniq_gastronok
Lair:2:   wad_woods_minihive, minmay_snake_entry_six_corridors, uniq_urug,
          uniq_nergalle
Lair:3:   nicolae_volcano_entry_vermiform, lemuel_fruit_tree,
          serial_bayou_shore_a, lemuel_fruit_fields
Lair:4:   swamp_mist_pool, grunt_megastairs_2, infiniplex_staircase_pool_2,
          uniq_maud
Lair:5:   nicolae_slime_entry_slimehenge
Lair:6:   grunt_lair_end_beastmaster, grunt_megastairs_3,
          infiniplex_staircase_pool
Snake:1:  serial_shops, nicolae_shop_trees
Snake:3:  grunt_ministairs_12, corexii_hall_statues_u,
          hangedman_snake_sidewinding, serial_bayou_shore_b
Orc:1:    lemuel_statue_altar
Orc:2:    st_orc_ogre_mass, lab_entry_generic
Lab:      nicolae_lab_lava
Sewer:    sewer_fruit_machine
Ossuary:  ossuary_tomb_2
Volcano:  volcano_grotto

Skill      XL: |  1  2  3  4  5  6  7  8  9 10 11 12 13 14 15 16 |
---------------+-------------------------------------------------+-----
Armour         | 4 5 6 7 8 9 10 11 13 | 13.3
Dodging        | 1 2 3 4 5 6 7 8 9 10 11 12 | 12.0
Axes           | 3 4 5 6 8 9 10 11 13 14 15 16 17 | 17.4
Shields        | 4 5 6 7 8 9 10 11 12 13 | 13.2
Spellcasting   | 1 2 3 4 5 6 7 8 |  8.0
Fighting       | 4 5 6 7 8 9 10 11 12 13 | 13.2
Invocations    | 2 4 5 6 |  6.4
Evocations     | 2 3 5 6 |  6.1

Action                   |  1- 3 |  4- 6 |  7- 9 | 10-12 | 13-15 | 16-18 || total
-------------------------+-------+-------+-------+-------+-------+-------++-------
Melee: War axe           |    90 |   173 |   444 |       |       |       ||   707
       Headbutt          |     8 |    28 |    78 |   134 |   342 |    48 ||   638
       Broad axe         |       |       |    11 |   521 |  1051 |   233 ||  1816
       Long sword        |       |       |       |    16 |    16 |       ||    32
       Flail             |       |       |       |       |   193 |       ||   193
       Unarmed           |       |       |       |       |     6 |       ||     6
Invok: Heroism           |       |       |       |     1 |     1 |       ||     2
       Finesse           |       |       |       |     3 |     5 |     1 ||     9
 Abil: Evoke Invisibilit |       |       |       |     1 |       |     1 ||     2
Evoke: Wand              |       |       |       |     1 |     6 |     2 ||     9
  Use: Scroll            |       |    13 |    18 |    18 |    14 |     6 ||    69
       Potion            |       |     1 |     1 |    13 |    10 |     1 ||    26
 Stab: Invisible         |       |       |       |    13 |     2 |       ||    15
  Eat: Chunk             |     2 |     6 |    15 |    26 |    42 |     3 ||    94
       Bread ration      |       |       |     1 |       |       |       ||     1
       Beef jerky        |       |       |       |       |     5 |     1 ||     6
       Royal jelly       |       |       |       |       |     1 |     2 ||     3
       Pizza             |       |       |       |       |     1 |       ||     1
       Fruit             |       |       |       |       |       |     3 ||     3
Armor: Scale mail        |    34 |    20 |       |    99 |       |       ||   153
       Chain mail        |       |    69 |   150 |    99 |   415 |       ||   733
       Plate armour      |       |       |       |       |    88 |    74 ||   162
Dodge: Dodged            |    19 |    44 |   106 |   197 |   476 |    75 ||   917
Block: Shield            |    53 |    81 |   201 |   322 |   814 |   152 ||  1623
       Reflection        |       |       |       |       |    27 |    21 ||    48
